 Dungeon Crawl Stone Soup version 0.27-a0-668-gb5737ff2c0 (webtiles) character file.

Game seed: 3254272694413833588

263 theanonym the Cudgeller (level 5, -4/39 (41) HPs)
             Began as a Demonspawn Chaos Knight on Mar 17, 2021.
             Was a Plaything of Xom.
             Killed by divine providence
             ... invoked by an orc priest
              (7 damage)
             ... on level 3 of the Dungeon.
             The game lasted 00:03:19 (2115 turns).

theanonym the Cudgeller (Demonspawn Chaos Knight)   Turns: 2115, Time: 00:03:20

HP:   -4/39 (41)    AC:  4    Str: 14    XL:     5   Next: 98%
MP:   5/5           EV:  9    Int: 11    God:    Xom [...*..]
Gold: 89            SH:  0    Dex: 12    Spells: 4/4 levels left

rFire    . . .     SeeInvis .   o - +0 flail
rCold    . . .     Faith    .   (no shield)
rNeg     . . .     Spirit   .   p - +0 scale mail
rPois    .         Reflect  .   (helmet restricted)
rElec    .         Harm     .   (no cloak)
rCorr    .         Rampage  .   (no gloves)
Will     .....                  h - +0 pair of boots
Stlth    ..........             e - amulet of regeneration
HPRegen  1.13/turn              (no ring)
MPRegen  0.09/turn              (no ring)

@: lightly drained
A: antennae 1, claws 1, foul stench 1, blurry vision 1, deformed body, dopey 1
a: Renounce Religion


Innate Abilities, Weirdness & Mutations

You have a pair of small antennae on your head.
You have sharp fingernails.
You may rarely emit foul miasma when damaged in melee.
Scrolls take you a little longer to read.
Armour fits poorly on your strangely shaped body.
You are dopey. (Int -2)


   Skills:
 - Level 3.0 Fighting
 + Level 6.1 Maces & Flails
 - Level 1.7 Armour
 - Level 0.8 Dodging


You had 4 spell levels left.
You didn't know any spells.
Your spell library was empty.

Skill      XL: |  1  2  3  4  5 |
---------------+----------------+-----
Maces & Flails | 3 5 6 |  6.1
Fighting       | |  3.0
Armour         | |  1.7
Dodging        | |  0.8

Action                   |  1- 3 |  4- 6 || total
-------------------------+-------+-------++-------
Melee: Mace              |    88 |    17 ||   105
       Flail             |       |    55 ||    55
  Use: Potion            |     4 |       ||     4
 Stab: Paralysed         |     4 |       ||     4
       Sleeping          |     1 |       ||     1
Armor: Leather armour    |    10 |       ||    10
       Ring mail         |    27 |    23 ||    50
       Skin              |     8 |       ||     8
       Scale mail        |       |     3 ||     3
Dodge: Dodged            |    73 |    32 ||   105

Inventory:

Hand Weapons
 o - a +0 flail (weapon)
Armour
 h - a +0 pair of boots (worn)
 p - a +0 scale mail (worn)
Jewellery
 e - an amulet of regeneration (around neck)
Scrolls
 a - 2 scrolls of identify {unknown}
 c - a scroll of blinking {unknown}
 d - 4 scrolls of teleportation {unknown}
 f - a scroll of fear {unknown}
 g - 2 scrolls of magic mapping {unknown}
 k - a scroll of silence {unknown}
 n - a scroll of enchant weapon {unknown}
Potions
 b - a potion of might {unknown}
 i - a potion of heal wounds {unknown}
 l - a potion of flight
 m - a potion of magic {unknown}


You were on level 3 of the Dungeon.
You worshipped Xom.
You were a favourite toy of Xom.
You visited 1 branch of the dungeon, and saw 4 of its levels.

You collected 89 gold pieces.

Dungeon Overview and Level Annotations

Branches:
Dungeon (4/15)
 Temple: D:4-7

Altars:
Elyvilon
Okawaru

####### ########### #......
#..(......# #.##### #..#.####.#
#.# #.###.....# #.#
#..#.###..########.## ##
#.#....@............#
.#########.#.####.o....###...##
.)......(..#.####>..........[.###
.########..#...###o....##........
## #..#....##....###.#...### #
#..........#)## #.#...# #
##.......####.# #.#...# #
#.......## #.# #.#...# #
###.......# ##.####.#...###


You could see an orc priest and an orc (agile).

Notes
Turn   | Place    | Note
-------+----------+-------------------------------------------
     0 | D:1      | theanonym the Demonspawn Chaos Knight began the quest for
                  | the Orb.
     0 | D:1      | Reached XP level 1. HP: 18/18 MP: 1/1
    59 | D:1      | XOM: potion effect (berserk rage)
    68 | D:1      | Reached skill level 3 in Maces & Flails
   252 | D:1      | XOM: silly message
   289 | D:1      | XOM: chaos cloud
   295 | D:1      | Gained mutation: You have sharp fingernails. [demonic
                  | ancestry]
   295 | D:1      | Reached XP level 2. HP: 24/24 MP: 2/2
   795 | D:2      | XOM: 1-stop teleportation journey
   850 | D:2      | Found a faded altar of an unknown god.
   866 | D:2      | Gained mutation: You have a pair of small antennae on your
                  | head. [demonic ancestry]
   866 | D:2      | Reached XP level 3. HP: 29/29 MP: 3/3
   886 | D:2      | Found an iron altar of Okawaru.
   903 | D:2      | Reached skill level 4 in Maces & Flails
  1029 | D:2      | Noticed a shapeshifter
  1029 | D:2      | a rat changed into a shapeshifter
  1029 | D:2      | XOM: polymorph rat -> shapeshifter
  1029 | D:2      | Noticed a harpy
  1029 | D:2      | a shapeshifter changed into a harpy
  1029 | D:2      | Noticed a human
  1029 | D:2      | a harpy changed into a human
  1030 | D:2      | XOM: swap monsters
  1039 | D:2      | HP: 14/29 [human (shapeshifter) (2)]
  1040 | D:2      | XOM: 3-stop teleportation journey
  1060 | D:2      | Noticed an ogre
  1060 | D:2      | a human changed into an ogre
  1068 | D:2      | Killed an ogre
  1069 | D:2      | Reached skill level 5 in Maces & Flails
  1069 | D:2      | Gained mutation: You may rarely emit foul miasma when
                  | damaged in melee. [demonic ancestry]
  1069 | D:2      | Reached XP level 4. HP: 35/35 MP: 4/4
  1319 | D:2      | XOM: give mutation
  1319 | D:2      | Gained mutation: You are dopey. (Int -2) [Xom's mischief]
  1360 | D:3      | XOM: cleaving
  1370 | D:3      | Reached XP level 5. HP: 39/41 MP: 5/5
  2067 | D:3      | XOM: give mutations
  2067 | D:3      | Gained mutation: Scrolls take you a little longer to read.
                  | [Xom's mischief]
  2067 | D:3      | Gained mutation: Armour fits poorly on your strangely
                  | shaped body. [Xom's mischief]
  2092 | D:4      | XOM: enchant monster (bad)
  2094 | D:4      | XOM: silly message
  2109 | D:4      | XOM: divination: magic mapping
  2110 | D:4      | Reached skill level 6 in Maces & Flails
  2111 | D:4      | HP: 18/38 [something/puff of flame (11)]
  2112 | D:4      | HP: 3/38 [orc priest/divine providence (14)]
  2115 | D:3      | Killed from afar by an orc priest

Vanquished Creatures
  An ogre (shapeshifter) (D:2)
  2 orc priests
  An orc wizard (D:4)
  3 adders
  An ooze (D:4)
  2 worms (D:2)
  8 orcs
  5 giant cockroaches
  5 goblins
  4 hobgoblins
  3 jackals (D:2)
  4 kobolds
  2 quokkas
  A ball python (D:2)
  4 bats
  4 frilled lizards
  4 rats
54 creatures vanquished.

Table legend: (Time is in decaauts)
 A = Elapsed time spent in this place.
 B = Non-inter-level travel time spent in this place.
 C = Inter-level travel time spent in this place.
 D = Time resting spent in this place.
 E = Time spent auto-exploring this place.
 F = Levels seen in this place.
 G = Mean time per level.
                   A        B        C        D        E       F      G
               +--------+--------+--------+--------+--------+-----+--------+
         Total |   2161 |   2080 |     81 |    129 |   1564 |   4 |  540.2 |
       Dungeon |   2161 |   2080 |     81 |    129 |   1564 |   4 |  540.2 |
               +--------+--------+--------+--------+--------+-----+--------+

Top non-repeatable levels by time:
     D:3: 748 daAuts
     D:1: 723 daAuts
     D:2: 642 daAuts
     D:4: 46 daAuts
